[Event "Queens Festival Final Team 2022"]
[Site "Tornelo"]
[Date "2022.06.26"]
[Round "3.2"]
[White "Perez Rodriguez, Jennifer"]
[Black "Krush, Irina"]
[Result "1/2-1/2"]
[ECO "B50"]
[WhiteElo "2251"]
[BlackElo "2430"]
[Annotator "TA"]
[PlyCount "77"]
[EventDate "2022.06.24"]
[EventType "team-tourn"]
[EventCountry "NET"]
[SourceTitle "playchess.com"]
[Source "ChessBase"]
[SourceQuality "1"]
[WhiteTeam "Paraguay"]
[BlackTeam "United States"]
[WhiteTeamCountry "PAR"]
[BlackTeamCountry "USA"]
[TimeControl "180+2"]

1. e4 c5 2. Nf3 d6 3. c3 Nf6 4. Bd3 Bg4 5. Bc2 Nc6 6. d4 {[%emt 0:00:01] B50: Sicilian: 2...d6, Miscellaneous.} cxd4 7. cxd4 e5 8. d5 {[%emt 0:00:27] Black has an edge.} Nd4 9. Nc3 {[%emt 0:00:01] [#]} Nxc2+ $146 ({Predecessor:} 9... a6 10. Be3 Nxc2+ 11. Qxc2 b5 12. Nd2 Be7 13. f3 Bd7 14. Qb3 Rb8 15. a3 O-O {½-½ (34) Djokic,N (2252)-Kolbert,E (2167) Serbia 2007}) 10. Qxc2 Bxf3 11. gxf3 Be7 12. Be3 O-O 13. Qb3 Qd7 14. Rg1 Nh5 15. O-O-O a6 16. Na4 (16. Ne2 $11 {is superior.}) 16... Bd8 17. Nb6 {[%emt 0:00:22] Active counter play!} Bxb6 18. Bxb6 Nf4 {[%emt 0:00:05] aiming for ...Ne2+.} 19. Kb1 Rac8 20. Be3 Ng6 (20... Nh3 $5 21. Rg3 f6 $11) 21. Rc1 f5 22. Rgd1 Nh4 23. Bb6 h6 24. Re1 {[%emt 0:00:21] [#]} (24. f4 $15) 24... Kh7 (24... fxe4 $1 $19 25. Rxc8 Qxc8 26. fxe4 Nf3) 25. Red1 (25. Qd3 $17) 25... Qf7 (25... fxe4 $19 {And now ...Rxc1+ would win.} 26. fxe4 Rxc1+ 27. Rxc1 Nf3) 26. Rxc8 Rxc8 27. Qa3 (27. f4 $15) 27... Qf6 (27... Qg6 $19 28. exf5 Qxf5+ 29. Qd3 Rc4) 28. Rc1 Rxc1+ 29. Kxc1 {[%emt 0:00:00] [#]} fxe4 (29... Qg5+ $142 $1 30. Kc2 Qf4) 30. fxe4 $17 {[%emt 0:00:01][%mdl 4096] Endgame KQB-KQN} Nf3 31. Be3 $2 (31. Qe3 $17) 31... Nxh2 $19 32. Qb4 Ng4 33. Qxb7 Nxe3 ({Stronger than} 33... Nxf2 34. Bxf2 Qxf2 35. Qxa6 $17) 34. fxe3 {[%emt 0:00:00] KQ-KQ} Qf1+ (34... a5 $19 {Hoping for ...Qf3.} 35. Qd7 h5) 35. Kd2 $15 Qf2+ ({Better is} 35... Qb5 $1 $15 36. Qxb5 axb5) 36. Kd3 $11 Qf1+ ({Black should try} 36... a5 $11) 37. Kd2 $15 Qf2+ (37... Qb5 $1 $15 38. Qxb5 axb5) 38. Kd3 $11 Qf1+ 39. Kd2 {[%emt 0:00:02] Weighted Error Value: White=0.47/Black=0.28 (precise)} 1/2-1/2

[Event "Queens Festival Final Team 2022"]
[Site "Tornelo"]
[Date "2022.06.26"]
[Round "3.2"]
[White "Bian, Erin"]
[Black "Mayeregger Gonzalez, Fiorella"]
[Result "1-0"]
[ECO "B41"]
[WhiteElo "1811"]
[BlackElo "1284"]
[Annotator "NA RC"]
[PlyCount "81"]
[EventDate "2022.06.24"]
[EventType "team-tourn"]
[EventCountry "NET"]
[SourceTitle "playchess.com"]
[Source "ChessBase"]
[SourceQuality "1"]
[WhiteTeam "United States"]
[BlackTeam "Paraguay"]
[WhiteTeamCountry "USA"]
[BlackTeamCountry "PAR"]
[TimeControl "180+2"]

1. e4 c5 2. Nf3 e6 3. d4 cxd4 4. Nxd4 a6 5. c4 Qc7 6. Nc3 Nc6 7. Be2 Nf6 8. O-O Bc5 9. Be3 Bxd4 10. Bxd4 Nxd4 11. Qxd4 d6 12. Rac1 Bd7 13. f4 O-O 14. e5 dxe5 15. fxe5 Ne8 16. Qf4 f6 17. exf6 Qxf4 18. Rxf4 Nxf6 19. Ne4 Nxe4 20. Rxe4 Rac8 21. Bg4 Rf6 22. Rce1 Re8 23. b3 g6 24. Rd1 Bc8 25. Rd6 Kf7 26. c5 Re7 27. b4 Rc7 28. a3 h5 29. Bf3 Bd7 30. Red4 Ke7 31. Be4 e5 32. R4d5 Bc6 33. Rxe5+ Kf7 34. Bxc6 Rxc6 35. Rd7+ Kf8 36. Rxb7 Rfe6 37. Rd5 Re1+ 38. Kf2 Re8 39. Rdd7 Rf6+ 40. Kg3 Re3+ 41. Kh4 1-0

[Event "Queens Festival Final Team 2022"]
[Site "Tornelo"]
[Date "2022.06.26"]
[Round "3.2"]
[White "Perez, Dalila"]
[Black "Yellamraju, Aparna"]
[Result "0-1"]
[ECO "E06"]
[WhiteElo "1799"]
[BlackElo "1720"]
[Annotator "NA RC"]
[PlyCount "62"]
[EventDate "2022.06.24"]
[EventType "team-tourn"]
[EventCountry "NET"]
[SourceTitle "playchess.com"]
[Source "ChessBase"]
[SourceQuality "1"]
[WhiteTeam "Paraguay"]
[BlackTeam "United States"]
[WhiteTeamCountry "PAR"]
[BlackTeamCountry "USA"]
[TimeControl "180+2"]

1. d4 d5 2. Nf3 Nf6 3. c4 e6 4. g3 Be7 5. Bg2 O-O 6. O-O c6 7. Nbd2 b6 8. Qc2 Bb7 9. Ne5 Na6 10. a3 c5 11. Ndf3 Rc8 12. Qa4 dxc4 13. Rd1 Qe8 14. Qxc4 cxd4 15. Qd3 Nc5 16. Qd2 Nfe4 17. Qe1 Bf6 18. Rxd4 Nb3 19. Rxe4 Bxe4 20. Ra2 Bd5 21. Bf4 Nd4 22. Nxd4 Bxa2 23. b3 Bxe5 24. Bxe5 f6 25. Bd6 Rf7 26. Bb4 Qd7 27. Qd2 e5 28. Qxa2 Qxd4 29. h4 Rfc7 30. Be1 Rc1 31. b4+ Kh8 0-1

[Event "Queens Festival Final Team 2022"]
[Site "Tornelo"]
[Date "2022.06.26"]
[Round "3.3"]
[White "Song, Yuxin"]
[Black "Maksimovic, Suzana"]
[Result "1-0"]
[ECO "B31"]
[WhiteElo "2317"]
[BlackElo "2145"]
[Annotator "TA"]
[PlyCount "69"]
[EventDate "2022.06.24"]
[EventType "team-tourn"]
[EventCountry "NET"]
[SourceTitle "playchess.com"]
[Source "ChessBase"]
[SourceQuality "1"]
[WhiteTeam "China"]
[BlackTeam "Serbia"]
[WhiteTeamCountry "CHN"]
[BlackTeamCountry "SRB"]
[TimeControl "180+2"]

1. e4 c5 2. Nf3 Nc6 3. Bb5 g6 4. O-O Bg7 5. Re1 e5 6. Bxc6 dxc6 7. d3 Ne7 8. a3 {[%emt 0:00:01] B31: Sicilian: 2...Nc6 3 Bb5 g6.} O-O 9. b4 {[%emt 0:00:01] [#]} Bg4 $146 ({Predecessor:} 9... cxb4 10. axb4 a6 11. Bb2 Qc7 12. Nbd2 h6 13. Nc4 Bg4 14. h3 Bxf3 15. Qxf3 Rae8 {1-0 (84) Maze,S (2557)-Sliwicki,D (2180) Chess.com INT 2020}) 10. bxc5 {[%emt 0:00:07] White is slightly better.} Bxf3 11. Qxf3 {[%emt 0:00:02] Threatening Nd2.} Qd4 12. Ra2 {[%emt 0:00:15] Hoping for Be3.} Qxc5 13. Be3 Qa5 {[%emt 0:00:07][%cal Ra5e1] [#]} 14. Bd2 Qc7 15. Nc3 h6 16. Qh3 Kh7 17. a4 f5 18. exf5 gxf5 19. a5 Ng6 20. Na4 (20. Rb1 $14) 20... Qf7 21. Ra3 (21. Rb2 $14) 21... Rad8 22. Nc5 Rd5 23. Nb3 Rfd8 24. Ra4 e4 25. dxe4 fxe4 (25... Rxd2 $11 {remains equal.} 26. Nxd2 Rxd2) 26. Qe3 $16 Qd7 27. Bc3 Bxc3 28. Qxc3 Rd1 29. Raxe4 Qf5 {[%emt 0:00:05] ( -> ...Qxe4)} 30. Nc5 (30. f3 $18) 30... R8d5 {[%emt 0:00:05] [#]} (30... R8d2 $11 {keeps the balance.} 31. Qe3 Rxe1+ 32. Qxe1 Rxc2) 31. Ne6 $1 {[%emt 0:00:04][%csl Ge6][%cal Rc3g7,Bc5e6,Be6d4,Bd4f3][%mdl 32] White is more active.} Rxe1+ 32. Rxe1 {[%emt 0:00:03][%csl Ge6][%cal Rc3g7] Really sharp!} Re5 33. Nd4 Rxe1+ 34. Qxe1 Qd5 35. Nf3 {[%emt 0:00:03] Weighted Error Value: White=0.25 (precise) /Black=0.27 (precise)} 1-0

[Event "Queens Festival Final Team 2022"]
[Site "Tornelo"]
[Date "2022.06.26"]
[Round "3.3"]
[White "Vujcic, Milena"]
[Black "Hong, Xing"]
[Result "0-1"]
[ECO "B38"]
[WhiteElo "1987"]
[BlackElo "1999"]
[Annotator "NA RC"]
[PlyCount "66"]
[EventDate "2022.06.24"]
[EventType "team-tourn"]
[EventCountry "NET"]
[SourceTitle "playchess.com"]
[Source "ChessBase"]
[SourceQuality "1"]
[WhiteTeam "Serbia"]
[BlackTeam "China"]
[WhiteTeamCountry "SRB"]
[BlackTeamCountry "CHN"]
[TimeControl "180+2"]

1. e4 c5 2. Nf3 Nc6 3. d4 cxd4 4. Nxd4 g6 5. c4 Bg7 6. Be3 Nf6 7. Nc3 O-O 8. Be2 d6 9. O-O Nxd4 10. Bxd4 Be6 11. Rc1 Rc8 12. b3 a6 13. Qd2 Nd7 14. Rfd1 Bxd4 15. Qxd4 Qb6 16. Nd5 Bxd5 17. Qxd5 Rc5 18. Qd2 Ne5 19. Kh1 Rfc8 20. f4 Nc6 21. Bf3 Qb4 22. Qe3 Nd8 23. f5 b5 24. f6 exf6 25. cxb5 axb5 26. Rxc5 Qxc5 27. Qf4 Qe5 28. Qd2 Rc6 29. Be2 Ne6 30. Bxb5 Qxb5 31. Qd5 Qc5 32. b4 Qc2 33. b5 Nf4 0-1

[Event "Queens Festival Final Team 2022"]
[Site "Tornelo"]
[Date "2022.06.26"]
[Round "3.3"]
[White "Cui, Wen"]
[Black "Vukosavljevic, Tatjana"]
[Result "1-0"]
[ECO "C41"]
[WhiteElo "1718"]
[BlackElo "1758"]
[Annotator "NA RC"]
[PlyCount "69"]
[EventDate "2022.06.24"]
[EventType "team-tourn"]
[EventCountry "NET"]
[SourceTitle "playchess.com"]
[Source "ChessBase"]
[SourceQuality "1"]
[WhiteTeam "China"]
[BlackTeam "Serbia"]
[WhiteTeamCountry "CHN"]
[BlackTeamCountry "SRB"]
[TimeControl "180+2"]

1. e4 e5 2. Nf3 Nf6 3. Nc3 Nc6 4. d4 exd4 5. Nxd4 d6 6. Be2 Be7 7. O-O O-O 8. Be3 Re8 9. Bf3 Ne5 10. Be2 Bf8 11. h3 Ned7 12. Bd3 Nc5 13. Qf3 Qe7 14. Bg5 Nxd3 15. cxd3 Qe5 16. Bxf6 Qxf6 17. Qxf6 gxf6 18. Nd5 Bg7 19. Nxc7 Bd7 20. Nxa8 Rxa8 21. Rac1 f5 22. Nxf5 Bxf5 23. exf5 Bxb2 24. Rb1 Bd4 25. Rxb7 Re8 26. Rb4 Bc5 27. Rb2 Re5 28. g4 h5 29. Kg2 Kg7 30. Kf3 Kf6 31. Rd1 Bd4 32. Rb4 Bc5 33. Ra4 Kg5 34. d4 Rd5 35. Ke4 1-0

[Event "Queens Festival Final Team 2022"]
[Site "Tornelo"]
[Date "2022.06.26"]
[Round "3.3"]
[White "Vujovic, Vera"]
[Black "Jiang, Tianyu"]
[Result "0-1"]
[ECO "B48"]
[WhiteElo "1353"]
[BlackElo "1502"]
[Annotator "NA RC"]
[PlyCount "162"]
[EventDate "2022.06.24"]
[EventType "team-tourn"]
[EventCountry "NET"]
[SourceTitle "playchess.com"]
[Source "ChessBase"]
[SourceQuality "1"]
[WhiteTeam "Serbia"]
[BlackTeam "China"]
[WhiteTeamCountry "SRB"]
[BlackTeamCountry "CHN"]
[TimeControl "180+2"]

1. e4 c5 2. Nf3 e6 3. d4 cxd4 4. Nxd4 Nc6 5. Nc3 Qc7 6. Be3 a6 7. f3 Nf6 8. Qd2 Bb4 9. Nde2 d5 10. exd5 Nxd5 11. a3 Nxe3 12. Qxe3 Be7 13. Qf4 Qxf4 14. Nxf4 O-O 15. Nd3 b5 16. Ne4 e5 17. g3 Bf5 18. Bg2 Rac8 19. c3 Rfd8 20. O-O-O f6 21. g4 Bg6 22. h4 h5 23. gxh5 Bxh5 24. Ndf2 Na5 25. Kb1 Nc4 26. Rhe1 Rxd1+ 27. Nxd1 Rd8 28. Ne3 Nd2+ 29. Nxd2 Rxd2 30. Kc1 Rf2 31. Rf1 Re2 32. Nf5 Bc5 33. Bh3 Bg6 34. h5 Bxh5 35. Ng3 Be3+ 36. Kb1 Bg6+ 37. Ka1 Rh2 38. Bf5 Bxf5 39. Nxf5 Bc5 40. b4 Bf8 41. Ne3 Re2 42. Nd5 Rd2 43. Ne3 Rd3 44. Nd1 Kf7 45. Kb2 Rd2+ 46. Kb3 Ke6 47. Nf2 f5 48. Nh3 Be7 49. Nf2 g5 50. Nd1 e4 51. fxe4 fxe4 52. Re1 Ke5 53. Ne3 Bd6 54. c4 Bc7 55. cxb5 axb5 56. a4 bxa4+ 57. Kxa4 Bb6 58. Nc4+ Kf4 59. Nxd2 e3 60. Nc4 Bd4 61. b5 Kf3 62. b6 Kf2 63. b7 Ba7 64. Rxe3 g4 65. Rc3 g3 66. Ne3 Bb8 67. Nd1+ Ke2 68. Nb2 g2 69. Rc2+ Kf1 70. Rc1+ Kf2 71. Nd3+ Ke3 72. Nc5 Kf2 73. Nd7 Bf4 74. Rc2+ Kf1 75. Rc1+ Bxc1 76. b8=Q g1=Q 77. Qb1 Qd4+ 78. Kb3 Qd5+ 79. Kc2 Qc4+ 80. Kd1 Bf4 81. Qc2 Qd4+ 0-1

[Event "Queens Festival Final Team 2022"]
[Site "Tornelo"]
[Date "2022.06.26"]
[Round "3.4"]
[White "Mammadova, Aysel"]
[Black "Masoumi, Sahar"]
[Result "0-1"]
[ECO "B22"]
[WhiteElo "1893"]
[BlackElo "2004"]
[Annotator "NA RC"]
[PlyCount "60"]
[EventDate "2022.06.24"]
[EventType "team-tourn"]
[EventCountry "NET"]
[SourceTitle "playchess.com"]
[Source "ChessBase"]
[SourceQuality "1"]
[WhiteTeam "Azerbaijan"]
[BlackTeam "Iran"]
[WhiteTeamCountry "AZE"]
[BlackTeamCountry "IRI"]
[TimeControl "180+2"]

1. e4 c5 2. c3 Nf6 3. e5 Nd5 4. d4 cxd4 5. cxd4 Nc6 6. Nf3 d6 7. Bc4 dxe5 8. dxe5 Ndb4 9. Qb3 e6 10. a3 Na5 11. Qa4+ Bd7 12. Bb5 Nc2+ 13. Qxc2 Bxb5 14. Nc3 Rc8 15. Bg5 Be7 16. Bxe7 Qxe7 17. O-O-O O-O 18. Kb1 Bc4 19. Qe4 Bb3 20. Rd4 Rxc3 21. bxc3 Qxa3 22. Qe2 Bd5 23. Qb2 Qe7 24. Rhd1 h6 25. Qb4 Qc7 26. R4d2 Nc4 27. Rd4 a5 28. Qd6 Nxd6 29. exd6 Qxd6 30. c4 Qb4+ 0-1

[Event "Queens Festival Final Team 2022"]
[Site "Tornelo"]
[Date "2022.06.26"]
[Round "3.4"]
[White "Davari, Sara"]
[Black "Khalilova, Khadija"]
[Result "1-0"]
[ECO "B40"]
[WhiteElo "1674"]
[BlackElo "1777"]
[Annotator "NA RC"]
[PlyCount "91"]
[EventDate "2022.06.24"]
[EventType "team-tourn"]
[EventCountry "NET"]
[SourceTitle "playchess.com"]
[Source "ChessBase"]
[SourceQuality "1"]
[WhiteTeam "Iran"]
[BlackTeam "Azerbaijan"]
[WhiteTeamCountry "IRI"]
[BlackTeamCountry "AZE"]
[TimeControl "180+2"]

1. e4 c5 2. Nf3 e6 3. b3 Nc6 4. Bb2 d5 5. exd5 exd5 6. d4 Nf6 7. Bd3 Bd6 8. O-O O-O 9. dxc5 Bxc5 10. h3 Be6 11. Nc3 h6 12. Ne2 Rc8 13. Nf4 Ne4 14. Bxe4 dxe4 15. Nxe6 fxe6 16. Ne5 Nxe5 17. Bxe5 Qg5 18. Bb2 Rf3 19. Qd7 Rcf8 20. Qxg7+ Qxg7 21. Bxg7 Rxf2 22. Bxf8 Rxf8+ 23. Kh1 Rf5 24. g4 Rd5 25. Rad1 e3 26. Rxd5 exd5 27. Re1 Kf7 28. Kg2 Ke6 29. Kf3 Ke5 30. c3 a5 31. a4 b6 32. Rxe3+ Bxe3 33. Kxe3 Ke6 34. Kd4 Kd6 35. h4 Ke6 36. g5 hxg5 37. hxg5 Kf5 38. Kxd5 Kxg5 39. Kc6 Kf5 40. Kxb6 Ke5 41. Kxa5 Ke4 42. Kb6 Kd3 43. a5 Kxc3 44. a6 Kxb3 45. a7 Kc3 46. a8=Q 1-0

[Event "Queens Festival Final Team 2022"]
[Site "Tornelo"]
[Date "2022.06.26"]
[Round "3.4"]
[White "khezrian, Neda"]
[Black "Ismayil, Malak"]
[Result "0-1"]
[ECO "E21"]
[WhiteElo "1056"]
[BlackElo "2001"]
[Annotator "NA RC"]
[PlyCount "50"]
[EventDate "2022.06.24"]
[EventType "team-tourn"]
[EventCountry "NET"]
[SourceTitle "playchess.com"]
[Source "ChessBase"]
[SourceQuality "1"]
[WhiteTeam "Iran"]
[BlackTeam "Azerbaijan"]
[WhiteTeamCountry "IRI"]
[BlackTeamCountry "AZE"]
[TimeControl "180+2"]

1. d4 Nf6 2. Nf3 e6 3. c4 Bb4+ 4. Nc3 O-O 5. Bf4 b6 6. a3 Bxc3+ 7. bxc3 Bb7 8. e3 d6 9. Be2 Nbd7 10. Bg3 Qe7 11. O-O e5 12. dxe5 dxe5 13. Re1 Rad8 14. Qc2 Ne4 15. Rad1 f6 16. Bd3 Ndc5 17. Bxe4 Bxe4 18. Qc1 Nd3 19. Qa1 Nxe1 20. Rxe1 Bxf3 21. gxf3 Qc5 22. f4 e4 23. Rf1 Qxc4 24. f3 exf3 25. Rxf3 Qe2 0-1

[Event "Queens Festival Final Team 2022"]
[Site "Tornelo"]
[Date "2022.06.26"]
[Round "3.4"]
[White "Bakhshizada, Asnad"]
[Black "Khezrian, Nooralzahra"]
[Result "1-0"]
[ECO "E92"]
[WhiteElo "1052"]
[BlackElo "1269"]
[Annotator "NA RC"]
[PlyCount "143"]
[EventDate "2022.06.24"]
[EventType "team-tourn"]
[EventCountry "NET"]
[SourceTitle "playchess.com"]
[Source "ChessBase"]
[SourceQuality "1"]
[WhiteTeam "Azerbaijan"]
[BlackTeam "Iran"]
[WhiteTeamCountry "AZE"]
[BlackTeamCountry "IRI"]
[TimeControl "180+2"]

1. d4 Nf6 2. c4 g6 3. Nc3 Bg7 4. e4 d6 5. Nf3 O-O 6. Be2 e5 7. d5 a6 8. O-O Ne8 9. Bg5 f6 10. Be3 f5 11. Bg5 Nf6 12. exf5 gxf5 13. Qc2 Qe8 14. Nh4 e4 15. g3 h6 16. Be3 Nbd7 17. Nxf5 Ne5 18. Nxg7 Kxg7 19. Nxe4 Bf5 20. Nxf6 Bxc2 21. Nxe8+ Raxe8 22. Bd4 Kh7 23. Bh5 Re7 24. c5 Rf5 25. Be2 Be4 26. Bxe5 Rfxe5 27. cxd6 cxd6 28. Bc4 Bxd5 29. Bxd5 Rxd5 30. Rad1 Rb5 31. b3 d5 32. Rd3 Re2 33. a4 Rc5 34. Kg2 Rcc2 35. Rxd5 Rb2 36. Rd7+ Kg6 37. Rxb7 h5 38. Rb6+ Kg5 39. b4 Ra2 40. Rxa6 h4 41. Ra5+ Kg6 42. b5 Re4 43. Ra6+ Kg5 44. a5 h3+ 45. Kxh3 Re5 46. b6 Rexa5 47. Rxa5+ Rxa5 48. Rb1 Ra8 49. b7 Rb8 50. f4+ Kf5 51. Kg2 Kg4 52. h3+ Kf5 53. Kf3 Ke6 54. g4 Kd6 55. Ke4 Re8+ 56. Kf5 Rf8+ 57. Kg6 Rg8+ 58. Kf7 Rb8 59. f5 Kd7 60. g5 Kd6 61. g6 Ke5 62. g7 Rd8 63. b8=Q+ Rxb8 64. Rxb8 Kf4 65. g8=Q Ke4 66. Qg4+ Ke3 67. Rb3+ Kd2 68. Qg2+ Kc1 69. Re3 Kd1 70. Qe2+ Kc1 71. Rg3 Kb1 72. Rg1# 1-0

[Event "Queens Festival Final Team 2022"]
[Site "Tornelo"]
[Date "2022.06.26"]
[Round "3.5"]
[White "Ovezdurdiyeva, Jemal"]
[Black "Shriyan santosh Priyasha"]
[Result "1-0"]
[ECO "D94"]
[WhiteElo "2061"]
[BlackElo "1597"]
[Annotator "NA RC"]
[PlyCount "75"]
[EventDate "2022.06.24"]
[EventType "team-tourn"]
[EventCountry "NET"]
[SourceTitle "playchess.com"]
[Source "ChessBase"]
[SourceQuality "1"]
[WhiteTeam "Turkmenistan"]
[BlackTeam "MAW"]
[WhiteTeamCountry "TKM"]
[TimeControl "180+2"]

1. d4 d5 2. c4 c6 3. Nf3 Nf6 4. e3 g6 5. Nc3 Bg7 6. Be2 O-O 7. O-O Re8 8. b3 Nbd7 9. Bb2 Qc7 10. Rc1 Qd8 11. Qd2 e6 12. Rfd1 Qe7 13. a4 Nf8 14. Ne5 h5 15. f4 N8h7 16. Bf3 Nd7 17. Qf2 Nxe5 18. fxe5 Ng5 19. Be2 Qd8 20. Bd3 Nh7 21. Rf1 Qd7 22. e4 dxe4 23. Nxe4 b6 24. Nd6 Rf8 25. Ba3 Ba6 26. Be4 Ng5 27. Bb1 c5 28. dxc5 bxc5 29. Bxc5 Bxe5 30. Ne4 Nxe4 31. Bxe4 Rfc8 32. Rcd1 Qe8 33. Bxa8 Rxa8 34. Bd4 Bg7 35. Bxg7 Kxg7 36. Qf6+ Kg8 37. Rd4 Rb8 38. Rfd1 1-0

[Event "Queens Festival Final Team 2022"]
[Site "Tornelo"]
[Date "2022.06.26"]
[Round "3.5"]
[White "Agajanova, Meryem"]
[Black "Nkhoma, Desiderata"]
[Result "1-0"]
[ECO "A38"]
[WhiteElo "1783"]
[BlackElo "1465"]
[Annotator "NA RC"]
[PlyCount "75"]
[EventDate "2022.06.24"]
[EventType "team-tourn"]
[EventCountry "NET"]
[SourceTitle "playchess.com"]
[Source "ChessBase"]
[SourceQuality "1"]
[WhiteTeam "Turkmenistan"]
[BlackTeam "MAW"]
[WhiteTeamCountry "TKM"]
[TimeControl "180+2"]

1. d4 d6 2. Nf3 Nf6 3. g3 g6 4. Bg2 Bg7 5. O-O O-O 6. c4 c5 7. Nc3 cxd4 8. Nxd4 Bd7 9. b3 Nc6 10. Nc2 Rb8 11. Bb2 Qc8 12. e4 Bh3 13. Rb1 Bxg2 14. Kxg2 Ne5 15. Ne3 h5 16. Ncd5 Nxd5 17. Nxd5 Qg4 18. Qxg4 Nxg4 19. Nxe7+ Kh8 20. Bxg7+ Kxg7 21. Nd5 Rbc8 22. Rbd1 Rc6 23. Rfe1 Ra6 24. Re2 Rc6 25. Red2 a6 26. Nc3 Rd8 27. h3 Ne5 28. f4 Nd7 29. Rxd6 Rxd6 30. Rxd6 Kf8 31. e5 Ke7 32. Nd5+ Ke8 33. Kf3 Nc5 34. Rxd8+ Kxd8 35. g4 hxg4+ 36. hxg4 Kd7 37. f5 gxf5 38. gxf5 1-0

[Event "Queens Festival Final Team 2022"]
[Site "Tornelo"]
[Date "2022.06.26"]
[Round "3.6"]
[White "Banda Natalie Katlo"]
[Black "Muthoni, Vivian"]
[Result "1-0"]
[ECO "A45"]
[WhiteElo "1629"]
[BlackElo "1128"]
[Annotator "NA RC"]
[PlyCount "53"]
[EventDate "2022.06.24"]
[EventType "team-tourn"]
[EventCountry "NET"]
[SourceTitle "playchess.com"]
[Source "ChessBase"]
[SourceQuality "1"]
[WhiteTeam "Botswana"]
[BlackTeam "Kenya"]
[WhiteTeamCountry "BOT"]
[BlackTeamCountry "KEN"]
[TimeControl "180+2"]

1. d4 Nf6 2. Bg5 g6 3. Bxf6 exf6 4. e3 Bg7 5. Bd3 O-O 6. h4 d5 7. h5 f5 8. hxg6 fxg6 9. c4 c6 10. Nc3 Be6 11. Qb3 Qd7 12. cxd5 Bxd5 13. Nxd5 cxd5 14. Bb5 Qd6 15. Nf3 Nd7 16. Bxd7 Qxd7 17. Ng5 h6 18. Nh3 Qf7 19. Nf4 Rfd8 20. Rc1 b6 21. Rc6 g5 22. Nh5 Rd7 23. Nxg7 Qxg7 24. Rcxh6 Rf8 25. Qb5 Rc7 26. Qxd5+ Rff7 27. Qd8+ 1-0

[Event "Queens Festival Final Team 2022"]
[Site "Tornelo"]
[Date "2022.06.26"]
[Round "3.6"]
[White "Shah, Riya"]
[Black "Marape, Naledi"]
[Result "1-0"]
[ECO "A45"]
[WhiteElo "1559"]
[BlackElo "1707"]
[Annotator "NA RC"]
[PlyCount "87"]
[EventDate "2022.06.24"]
[EventType "team-tourn"]
[EventCountry "NET"]
[SourceTitle "playchess.com"]
[Source "ChessBase"]
[SourceQuality "1"]
[WhiteTeam "Kenya"]
[BlackTeam "Botswana"]
[WhiteTeamCountry "KEN"]
[BlackTeamCountry "BOT"]
[TimeControl "180+2"]

1. d4 Nf6 2. e3 g6 3. Bd3 Bg7 4. f4 O-O 5. Nf3 d6 6. O-O c5 7. c3 d5 8. Ne5 c4 9. Bc2 b5 10. a4 b4 11. cxb4 Qb6 12. Bd2 Nc6 13. b5 Nxe5 14. fxe5 Nd7 15. b3 a6 16. bxc4 dxc4 17. Nc3 axb5 18. axb5 Rb8 19. Nd5 Qxb5 20. Nxe7+ Kh8 21. Ba4 Qb7 22. Rb1 Qa8 23. Nxc8 Rxb1 24. Qxb1 Qxa4 25. Nd6 Qa7 26. Rxf7 Rxf7 27. Nxf7+ Kg8 28. Qf1 Nc5 29. Nd6 Nb3 30. Qxc4+ Kh8 31. Qxb3 h6 32. Nf7+ Kh7 33. e6 Qe7 34. Kf2 Qf6+ 35. Ke2 Qe7 36. d5 Bf6 37. d6 Qe8 38. d7 Qf8 39. Bb4 Qb8 40. e7 Bxe7 41. d8=Q Bxd8 42. Nxd8 Qxd8 43. Qf7+ Kh8 44. Bc3+ 1-0

[Event "Queens Festival Final Team 2022"]
[Site "Tornelo"]
[Date "2022.06.26"]
[Round "3.6"]
[White "Moshoboro Arona"]
[Black "Mwendwa, Triza"]
[Result "1-0"]
[ECO "D12"]
[WhiteElo "1555"]
[BlackElo "1470"]
[Annotator "NA RC"]
[PlyCount "75"]
[EventDate "2022.06.24"]
[EventType "team-tourn"]
[EventCountry "NET"]
[SourceTitle "playchess.com"]
[Source "ChessBase"]
[SourceQuality "1"]
[WhiteTeam "Botswana"]
[BlackTeam "Kenya"]
[WhiteTeamCountry "BOT"]
[BlackTeamCountry "KEN"]
[TimeControl "180+2"]

1. d4 d5 2. Nf3 Bf5 3. e3 e6 4. c4 c6 5. Nc3 Nf6 6. Bd2 Nbd7 7. Be2 dxc4 8. Bxc4 Bd6 9. O-O Ne4 10. Qb3 Qb6 11. Rac1 Ndf6 12. Rfd1 O-O 13. Na4 Qxb3 14. Bxb3 Ng4 15. Be1 h6 16. Nc5 Bxc5 17. dxc5 Rfd8 18. h3 Ngf6 19. Ne5 Rxd1 20. Bxd1 Nd5 21. Bf3 Nb4 22. Bxb4 Rd8 23. Rd1 Rxd1+ 24. Bxd1 a5 25. Ba3 f6 26. Nd7 e5 27. Nb6 Nd2 28. Kh2 Be4 29. f3 Bd5 30. Nxd5 cxd5 31. Kg3 Nc4 32. Kf2 Nxa3 33. bxa3 Kf7 34. Ke2 Ke6 35. Ba4 Ke7 36. Kd3 f5 37. g4 Ke6 38. h4 1-0

[Event "Queens Festival Final Team 2022"]
[Site "Tornelo"]
[Date "2022.06.26"]
[Round "4.1"]
[White "Subramanian, Anusha"]
[Black "Marape, Naledi"]
[Result "0-1"]
[ECO "D94"]
[WhiteElo "1671"]
[BlackElo "1707"]
[Annotator "NA RC"]
[PlyCount "170"]
[EventDate "2022.06.24"]
[EventType "team-tourn"]
[EventCountry "NET"]
[SourceTitle "playchess.com"]
[Source "ChessBase"]
[SourceQuality "1"]
[WhiteTeam "England"]
[BlackTeam "Botswana"]
[WhiteTeamCountry "ENG"]
[BlackTeamCountry "BOT"]
[TimeControl "180+2"]

1. d4 Nf6 2. c4 g6 3. Nf3 Bg7 4. Nc3 O-O 5. e3 d5 6. cxd5 Nxd5 7. Bc4 Nb6 8. Bd3 Bg4 9. h3 Bxf3 10. Qxf3 c6 11. O-O N8d7 12. b3 Nf6 13. Bb2 Nfd5 14. Qe2 e5 15. dxe5 Bxe5 16. Nxd5 Qxd5 17. Bxe5 Qxe5 18. Bc4 Rad8 19. Rfd1 Nd5 20. Bxd5 Rxd5 21. Rxd5 Qxa1+ 22. Rd1 Qe5 23. Qd3 Qe7 24. Qd4 c5 25. Qa4 a6 26. Rd7 Qe8 27. Rxb7 Qxa4 28. bxa4 Rc8 29. Rb6 c4 30. Rb2 c3 31. Rc2 Rc4 32. Kf1 Rxa4 33. Rxc3 Rxa2 34. g4 Kg7 35. Kg2 Kf6 36. Rc7 Ke6 37. Kg3 h6 38. h4 a5 39. Ra7 a4 40. Kf4 Rxf2+ 41. Ke4 Rg2 42. Kf3 Ra2 43. Ke4 a3 44. Ra6+ Ke7 45. Ke5 Rg2 46. Rxa3 Rxg4 47. Ra7+ Ke8 48. Kf6 Rxh4 49. Ra8+ Kd7 50. Kxf7 g5 51. Ra6 h5 52. Rg6 Rg4 53. Kf6 h4 54. Kf5 Rg3 55. e4 h3 56. Rh6 g4 57. e5 Rg2 58. e6+ Ke7 59. Rh7+ Ke8 60. Kf6 Rf2+ 61. Kg5 g3 62. Rxh3 g2 63. Rg3 Rf8 64. Rxg2 Rg8+ 65. Kf6 Rxg2 66. Ke5 Re2+ 67. Kd6 Kf8 68. Kd7 Re3 69. Kd8 Rxe6 70. Kd7 Kf7 71. Kd8 Re1 72. Kd7 Kf6 73. Kd6 Kf5 74. Kd7 Rd1+ 75. Ke7 Rd5 76. Ke8 Ke6 77. Kf8 Rd7 78. Ke8 Ra7 79. Kd8 Kf6 80. Ke8 Ke6 81. Kd8 Kd6 82. Kc8 Rh7 83. Kb8 Kc6 84. Ka8 Kb6 85. Kb8 Rh8# 0-1